Map: Prion Terraces

Players

Wellmet

  • Race: Terran Terran
  • League: Diamond

PezzFanBoy (Probe) - Winner!

  • Race: Protoss Protoss
  • League: Platinum

VOD

Have the link to the VOD?

Description

Time

  • Played on: Nov. 12, 2015, 11:39 p.m.
  • Length: 10:12
Show
View Real Time Build Order
Export as new Build Order

Wellmet Terran 

Build Orders: Reaper Expand, MMM Bio 

Get SALT Encoding   

  12  0:01  SCV  
  13  0:13  SCV  
  14  0:20  Supply Depot  
  14  0:25  SCV  
  15  0:41  SCV  
  16  0:45  Barracks  
  16  0:49  Refinery  
  16  0:53  SCV  
  17  1:06  SCV  
  18  1:18  SCV  
  19  1:32  Orbital Command  
  19  1:36  Reaper  
  19  1:39  Command Center  
  20  1:59  SCV  
  21  2:10  Barracks Reactor  
  21  2:13  SCV  
  22  2:18  Supply Depot  
  22  2:24  Barracks  
  22  2:25  SCV, Barracks  
  23  2:31  Factory  
  23  2:40  SCV  
  23  2:42  Refinery  
  23  2:52  SCV  
  23  2:56  Orbital Command  
  23  2:57  Marine x2  
  26  3:06  SCV  
  27  3:20  SCV, Barracks Tech Lab  
  27  3:23  Marine x3  
  30  3:29  SCV  
  30  3:32  SCV  
  30  3:40  Marine  
  30  3:41  SCV, Marine x2  
  30  3:50  Widow Mine  
  30  3:52  SCV, Stimpack  
  30  3:53  Barracks Tech Lab  
  29  3:57  SCV  
  29  3:58  Marine  
  29  3:59  Marine  
  29  4:01  Marine  
  30  4:05  SCV  
  30  4:09  SCV  
  30  4:14  Combat Shields  
  30  4:15  Marine  
  31  4:22  Marine  
  30  4:27  Marine x2  
  30  4:30  SCV x2  
  32  4:33  Marine  
  32  4:46  SCV x2  
  32  4:48  Widow Mine  
  32  4:51  Starport  
  36  4:54  Marauder  
  36  4:58  Marauder  
  36  4:59  SCV  
  41  5:01  SCV  
  41  5:06  Supply Depot  
  42  5:10  Marine  
  42  5:12  SCV  
  42  5:14  SCV  
  45  5:15  Marine  
  46  5:25  Supply Depot  
  46  5:27  Widow Mine  
  50  5:28  Marauder  
  50  5:29  SCV  
  50  5:32  Medivac  
  53  5:40  Concussive Shells, Marine  
  54  5:44  Supply Depot  
  54  5:46  Marauder, Marine  
  54  5:47  Supply Depot  
  54  5:49  SCV  
  58  5:52  Marauder  
  58  5:56  Widow Mine  
  62  6:05  SCV  
  62  6:06  SCV  
  59  6:14  Marine  
  59  6:15  Marauder x2, Marine  
  62  6:20  Starport Reactor  
  62  6:21  SCV  
  62  6:22  SCV  
  64  6:27  Supply Depot  
  64  6:35  Command Center, SCV  
  64  6:39  SCV  
  64  6:48  Marauder x2  
  64  6:49  SCV  
  64  6:52  Marine  
  64  6:53  Marine  
  67  6:59  Widow Mine  
  64  7:02  Medivac x2  
  64  7:04  SCV x2  
  70  7:10  Marauder  
  70  7:11  Marauder  
  74  7:16  Supply Depot  
  74  7:17  SCV x2  
  74  7:18  Marine x2  
  74  7:19  Engineering Bay  
  78  7:23  Refinery  
  60  7:30  SCV x2  
  60  7:32  Medivac x2  
  60  7:35  Marauder x2  
  60  7:37  Factory Reactor  
  70  7:42  SCV  
  70  7:43  Marine x2  
  73  7:48  Orbital Command  
  73  7:51  SCV  
  74  7:57  Liberator  
  74  8:05  SCV x2  
  76  8:07  Marine x2, Marauder x2  
  76  8:10  Terran Infantry Weapons Level 1  
  82  8:12  Barracks  
  82  8:14  Barracks  
  82  8:16  SCV  
  82  8:17  SCV, Liberator  
  82  8:18  Refinery  
  87  8:22  SCV, Refinery  
  87  8:25  Refinery  
  87  8:27  Marine x2  
  88  8:28  SCV  
  91  8:35  SCV x2  
  91  8:36  Marine x2  
  91  8:40  Widow Mine x2  
  102  8:41  SCV  
  102  8:43  Liberator  
  102  8:46  Supply Depot  
  102  8:47  SCV x2  
  102  8:48  Supply Depot  
  105  8:49  Marine  
  105  8:54  SCV  
  105  8:55  Marauder  
  99  8:59  SCV x2  
  99  9:01  Barracks Tech Lab, Marauder  
  99  9:02  Barracks Reactor  
  106  9:04  Marine  
  107  9:16  Marauder  
  100  9:20  Command Center  
  100  9:22  Marauder  
  98  9:28  Marine x2  
  98  9:30  SCV x2  
  98  9:37  SCV  
  100  9:42  SCV  
  100  9:44  SCV  
  99  9:46  Marauder x2, Marine x2  
  99  9:49  SCV  
  98  9:54  SCV  
Show
View Real Time Build Order
Export as new Build Order

PezzFanBoy Protoss - Winner!

Build Orders: 1 Gate Expand 

Get SALT Encoding   

  12  0:01  Probe (Chrono Boost)  
  13  0:12  Probe (Chrono Boost)  
  14  0:20  Pylon  
  14  0:22  Probe (Chrono Boost)  
  15  0:38  Probe (Chrono Boost), Gateway  
  16  0:48  Probe (Chrono Boost)  
  17  0:50  Assimilator  
  17  0:59  Probe (Chrono Boost)  
  18  1:09  Probe (Chrono Boost)  
  19  1:18  Nexus  
  19  1:22  Probe (Chrono Boost)  
  20  1:31  Cybernetics Core  
  20  1:34  Probe (Chrono Boost)  
  21  1:45  Probe (Chrono Boost), Assimilator  
  22  1:50  Pylon  
  22  1:55  Probe (Chrono Boost)  
  24  2:09  Mothership Core (Chrono Boost)  
  24  2:14  Adept  
  27  2:24  Warp Gate  
  27  2:28  Probe (Chrono Boost)  
  28  2:34  Probe (Chrono Boost)  
  29  2:38  Probe (Chrono Boost)  
  29  2:41  Adept  
  32  2:44  Probe (Chrono Boost)  
  32  2:49  Probe (Chrono Boost)  
  34  2:55  Probe (Chrono Boost)  
  35  2:59  Probe (Chrono Boost)  
  37  3:05  Probe (Chrono Boost)  
  37  3:06  Nexus  
  37  3:10  Probe (Chrono Boost)  
  37  3:11  Adept  
  40  3:16  Probe (Chrono Boost)  
  41  3:20  Probe (Chrono Boost)  
  41  3:26  Probe (Chrono Boost)  
  43  3:31  Probe (Chrono Boost)  
  44  3:37  Probe (Chrono Boost)  
  45  3:41  Probe (Chrono Boost)  
  46  3:55  Pylon  
  46  3:57  Pylon  
  46  4:01  Adept  
  46  4:09  Probe x2 (Chrono Boost), Gateway  
  46  4:10  Gateway  
  46  4:12  Robotics Facility  
  46  4:13  Twilight Council  
  46  4:20  Probe x2 (Chrono Boost)  
  46  4:21  Probe (Chrono Boost)  
  49  4:30  Probe x2 (Chrono Boost)  
  51  4:32  Probe (Chrono Boost)  
  52  4:39  Blink (Chrono Boost)  
  52  4:41  Probe x2 (Chrono Boost)  
  52  4:42  Probe (Chrono Boost)  
  52  4:43  Assimilator  
  52  4:44  Gateway, Assimilator  
  55  4:46  Gateway  
  55  4:49  Pylon  
  55  4:50  Probe (Chrono Boost)  
  55  4:51  Probe x2 (Chrono Boost)  
  57  4:56  Sentry  
  60  5:00  Probe  
  60  5:03  Probe x2  
  60  5:06  Observer (Chrono Boost)  
  64  5:11  Probe  
  63  5:15  Probe x2  
  65  5:21  Pylon  
  65  5:24  Sentry, Adept x2, Pylon  
  65  5:25  Observer (Chrono Boost)  
  72  5:28  Pylon  
  72  5:29  Probe  
  72  5:30  Probe x2, Robotics Bay  
  75  5:37  Gateway  
  75  5:38  Gateway  
  75  5:41  Pylon  
  73  5:43  Adept, Observer (Chrono Boost)  
  73  5:49  Adept x3  
  82  5:50  Probe  
  82  5:51  Probe  
  82  5:53  Assimilator  
  82  5:54  Assimilator  
  84  5:58  Adept  
  86  6:09  Stalker x2  
  79  6:11  Probe  
  79  6:16  Stalker x2  
  77  6:21  Disruptor (Chrono Boost)  
  77  6:24  Gateway  
  77  6:25  Gateway  
  80  6:26  Gateway  
  80  6:29  Adept  
  80  6:31  Adept  
  84  6:33  Adept x3  
  90  6:42  Stalker  
  90  6:43  Stalker  
  94  6:52  Adept x2  
  94  6:53  Stalker  
  94  6:54  Stalker x2  
  98  7:06  Disruptor (Chrono Boost), Charge  
  98  7:07  Pylon  
  101  7:10  Forge  
  101  7:12  Forge  
  101  7:16  Zealot x4  
  101  7:17  Zealot x2  
  109  7:34  Adept x4  
  117  7:39  Pylon  
  117  7:40  Disruptor (Chrono Boost)  
  117  7:42  Pylon  
  120  7:44  Protoss Ground Weapons Level 1 (Chrono Boost)  
  120  7:45  Protoss Ground Armor Level 1 (Chrono Boost)  
  120  7:48  Probe x2  
  122  7:57  Sentry, Zealot x4  
  132  8:02  Pylon  
  132  8:04  Pylon  
  132  8:14  Nexus  
  132  8:15  Pylon  
  132  8:19  Stalker x3  
  138  8:20  Stalker, Zealot  
  142  8:29  Disruptor  
  145  8:39  Templar Archives  
  145  8:41  Zealot x4  
  145  8:42  Zealot  
  155  8:54  Zealot x2  
  159  9:03  Pylon  
  159  9:04  Pylon  
  159  9:05  Warp Prism  
  161  9:14  Zealot x2  
  165  9:32  Assimilator  
  165  9:34  Adept x3, Assimilator  
  165  9:35  Adept  
  165  9:39  Zealot x6  
Tags
 
Add a new tag
Caveats
  • Supply blocks, unpowered buildings, or Contaminate may cause inaccurate times.
  • Supply counts are checked every 10 seconds.